 Dungeon Crawl Stone Soup version 0.31-a0-236-g9a0961fb85 (webtiles) character file.

Game seed: 14316298747838722360

140 protoss039 the Digger (level 5, 39/39 HPs)
             Began as a Demonspawn Earth Elementalist on July 10, 2023.
             Got out of the dungeon alive.
             The game lasted 00:02:12 (1859 turns).

protoss039 the Digger (DsEE)                        Turns: 1859, Time: 00:02:13

Health: 39/39      AC:  8    Str:  8    XL:     5   Next: 2%
Magic:  9/9        EV: 11    Int: 19    God:
Gold:   61         SH:  0    Dex: 13    Spells: 4/10 levels left

rFire   . . .        d - +0 short sword
rCold   . . .        (no shield)
rNeg    . . .        k - +0 leather armour
rPois   .            (helmet restricted)
rElec   .            (no cloak)
rCorr   .            (no gloves)
SInv    .            o - +0 pair of boots
Will    +....        (no amulet)
Stlth   ++           f - ring of willpower
HPRegen 0.26/turn    c - +4 ring of protection
MPRegen 0.22/turn

%: no passive effects
@: no status effects
A: horns 1, magic regeneration, weakness stinger 1
a: no special abilities


You escaped.
You visited 1 branch of the dungeon, and saw 3 of its levels.

You collected 61 gold pieces.

Inventory:

Hand Weapons
 d - a +0 short sword (weapon)
Armour
 k - a +0 leather armour (worn)
 o - a +0 pair of boots (worn)
Jewellery
 c - a +4 ring of protection (right hand)
 f - a ring of willpower (left hand)
 p - a ring of magical power
Scrolls
 a - a scroll of amnesia {unknown}
 e - a scroll of noise {unknown}
 g - a scroll of poison {unknown}
 i - 2 scrolls of identify {unknown}
 l - a scroll of vulnerability {unknown}
 n - a scroll of immolation {unknown}
Potions
 b - a potion of magic
 h - a potion of invisibility {unknown}
 j - a potion of brilliance {unknown}
 m - a potion of degeneration {unknown}


   Skills:
 + Level 2.5 Fighting
 - Level 1.7 Dodging
 - Level 1.7 Stealth
 + Level 3.2 Spellcasting
 + Level 0.1 Conjurations
 - Level 0.8 Transmutations
 + Level 3.6 Earth Magic


You had 4 spell levels left.
You knew the following spells:

 Your Spells              Type           Power      Damage    Failure   Level
a - Sandblast             Erth           34%        2d9       4%          1
b - Passwall              Tmut/Erth      9%         N/A       13%         2
c - Stone Arrow           Conj/Erth      20%        3d8       30%         3

Your spell library contained the following spells:

 Spells                   Type           Power      Damage    Failure   Level
 Freeze                   Ice            12%        1d3       22%         1
 Inner Flame              Hex/Fire       3%         N/A       54%         3
 Ozocubu's Armour         Ice            3%         N/A       54%         3
 Petrify                  Tmut/Erth      11%        N/A       65%         4
 Flame Wave               Conj/Fire      3%         2d5       91%         4
 Sticky Flame             Conj/Fire      3%         2d3       91%         4
 Ozocubu's Refrigeration  Ice            1%         4d7       100%        7


Dungeon Overview and Level Annotations

Branches:
Dungeon (3/15) Zot: 16111

Altars:


Innate Abilities, Weirdness & Mutations

You have a pair of small horns on your head.
You regenerate magic rapidly.
You have a small tail.


Message History

The blast of sand hits the rat!
You kill the rat!
Unknown command.
Casting: Sandblast (safe; 4% risk of failure)
Confirm with . or Enter, or press ? or * to list all spells.
Aiming: Sandblast (safe; 4% risk of failure)
Press: ? - help, Shift-Dir - straight line, f - river rat
Aim: a river rat (80% to hit)
The blast of sand misses the river rat.
The river rat twitches its whiskers.
Unknown command.
Casting: Sandblast (safe; 4% risk of failure)
Confirm with . or Enter, or press ? or * to list all spells.
Aiming: Sandblast (safe; 4% risk of failure)
Press: ? - help, Shift-Dir - straight line, f/p - river rat
Aim: a river rat (80% to hit)
The blast of sand hits the river rat!
You kill the river rat!
You have reached level 5!
Your demonic ancestry asserts itself...
A pair of horns grows on your head!
Magic restored.
You see here 4 stones.
A rat comes into view.
Unknown command.
You see here a river rat corpse.
You hear the slow rusting of a drain nearby.
There is a stone staircase leading up here.
You climb upwards.
There is a stone staircase leading down here.
(D) Dungeon
Where to? (Enter - D:2 @ (x,y), ? - help)
What level of the Dungeon? (default 1, ? - help)
There is a stone staircase leading up here.
You climb upwards.
There is a stone staircase leading down here.
Unknown command.
There is a staircase leading out of the dungeon here.
Are you sure you want to leave the Dungeon?
This will make you lose the game!
You have escaped!

############# #.# # #P~≈≈≈≈≈≈~~P#
#.# ## #.P~≈≈≈≈≈~P.# #.# .##
#..P~~≈≈~P..###.##### #.##
#...P~~~P..(........# ##.#
##....P~P..........#.### #.##
#......P......#......... .##
#..).......(..##..##.### ##
#......@..........##.# #
##............##.###.# #
#.....P......##+###.# #
#....P≈P.....#...##.# ###
#...P≈~~P...........# #.##
#..P≈~~~~P.........##
...########.P≈≈≈≈≈≈~P.........###
...........P~~≈≈≈≈≈≈~P........'..
...###################........###


There were no monsters in sight!

Vanquished Creatures
  Jessica (D:2)
  Natasha (twice) (D:2)
  2 adders (D:2)
  A river rat (D:3)
  2 worms (D:2)
  A dart slug (D:2)
  5 bats
  3 endoplasms
  2 giant cockroaches
  3 goblins
  4 hobgoblins (D:2)
  3 jackals (D:2)
  2 kobolds (D:1)
  A quokka (D:2)
  3 ball pythons (D:1)
  4 rats
39 creatures vanquished.

Notes
Turn   | Place    | Note
-------+----------+-------------------------------------------
     0 | D:1      | protoss039 the Demonspawn Earth Elementalist began the
                  | quest for the Orb.
     0 | D:1      | Reached XP level 1. HP: 13/13 MP: 3/3
   495 | D:1      | Gained mutation: You regenerate magic rapidly. [demonic
                  | ancestry]
   495 | D:1      | Reached XP level 2. HP: 20/20 MP: 3/5
   506 | D:1      | Found a faded altar of an unknown god.
   514 | D:1      | Got Plato's Opusculum on Algor
   672 | D:1      | Reached skill level 1 in Fighting
  1025 | D:1      | Learned a level 2 spell: Passwall
  1059 | D:2      | Noticed Jessica
  1073 | D:2      | Killed Jessica
  1074 | D:2      | Reached XP level 3. HP: 16/26 MP: 0/6
  1356 | D:2      | Noticed Natasha
  1364 | D:2      | Killed Natasha
  1365 | D:2      | Discovered your monstrous ancestry.
  1365 | D:2      | Gained mutation: You have a small tail. [demonic ancestry]
  1365 | D:2      | Reached XP level 4. HP: 17/33 MP: 0/8
  1480 | D:2      | Noticed Natasha
  1484 | D:2      | Killed Natasha
  1763 | D:2      | Learned a level 3 spell: Stone Arrow
  1773 | D:3      | Gained mutation: You have a pair of small horns on your
                  | head. [demonic ancestry]
  1773 | D:3      | Reached XP level 5. HP: 39/39 MP: 6/9
  1859 | D:$      | Got out of the dungeon alive.

Illustrated notes

Levels and vault maps discovered:
D:1:      eino_arrival_druids_welcome, layout_loops_corners,
          shapermc_ecumenical_altar_rom_forum
D:2:      layout_basic, minmay_misc_feat_more_columns, uniq_jessica,
          uniq_natasha
D:3:      layout_basic, nicolae_overflow_squiral, serial_shops,
          nicolae_shop_industrial_runoff, serial_forest,
          infiniplex_forest_end_1, infiniplex_forest_clump_medium,
          infiniplex_forest_straight_3, infiniplex_forest_lined_3,
          infiniplex_forest_lined_2, infiniplex_forest_join,
          infiniplex_forest_clump_tiny, infiniplex_forest_straight_2,
          infiniplex_forest_clump_long, lightli_sewer_entry_pipes

Skill      XL: |  1  2  3  4 |
---------------+-------------+-----
Fighting       | 1 2 |  2.5
Earth Magic    | 3 |  3.6
Spellcasting   | 3 |  3.2
Dodging        | |  1.7
Stealth        | |  1.7
Conjurations   | |  0.1
Transmutations | |  0.8

Action                     |  1- 3 |  4- 6 || total
---------------------------+-------+-------++-------
  Melee: Short sword       |    39 |     1 ||    40
         Unarmed           |     2 |       ||     2
   Cast: Sandblast         |    46 |    13 ||    59
   Stab: Sleeping          |     2 |     1 ||     3
         Distracted        |     1 |       ||     1
 Armour: Robe              |     9 |       ||     9
         Leather armour    |    26 |     2 ||    28
  Dodge: Dodged            |    60 |     1 ||    61

Table legend: (Time is in decaauts)
 A = Elapsed time spent in this place.
 B = Non-inter-level travel time spent in this place.
 C = Inter-level travel time spent in this place.
 D = Time resting spent in this place.
 E = Time spent auto-exploring this place.
 F = Levels seen in this place.
 G = Mean time per level.
                   A        B        C        D        E       F      G
               +--------+--------+--------+--------+--------+-----+--------+
         Total |   1888 |   1756 |    132 |      0 |   1450 |   3 |  629.3 |
       Dungeon |   1888 |   1756 |    132 |      0 |   1450 |   3 |  629.3 |
               +--------+--------+--------+--------+--------+-----+--------+

Top non-repeatable levels by time:
     D:1: 1070 daAuts
     D:2: 765 daAuts
     D:3: 52 daAuts
